[Event "FIDE World Rapid Chess Championship 2021"]
[White "Van Foreest, Jorden"]
[Black "Shirov, Alexei"]
[WhiteFideId "1039784"]
[BlackFideId "2209390"]
[WhiteElo "2563"]
[BlackElo "2702"]
[Result "1-0"]
[Round "06"]
[TimeControl "900+10"]
[Date "2021.12.27"]
[WhiteClock "0:05:02"]
[BlackClock "0:00:23"]

1. e4 e5 2. Nf3 Nc6 3. Bb5 a6 4. Ba4 Nf6 5. O-O b5 6. Bb3 Bc5 7. a4 Rb8 8. c3 d6 9. d4 Bb6 10. h3 O-O 11. Na3 Bb7 12. axb5 axb5 13. Nxb5 exd4 14. cxd4 Nxe4 15. Re1 d5 16. Nc3 Ne7 17. Ng5 Nxg5 18. Bxg5 f6 19. Bf4 Nf5 20. Na4 Ra8 21. Rc1 Rf7 22. Nxb6 cxb6 23. Re6 Rc8 24. Bc2 Nh4 25. Rd6 Rd7 26. Re6 Ng6 27. Bg3 Re7 28. Bf5 Rxc1 29. Qxc1 Qc8 30. Qe3 Qe8 1-0


[Site "http://www.Chess.com"]

[Event "FIDE World Rapid Chess Championship 2021"]
[White "Najer, Evgeniy"]
[Black "Onyshchuk, Volodymyr"]
[WhiteFideId "4118987"]
[BlackFideId "14114038"]
[WhiteElo "2565"]
[BlackElo "2687"]
[Result "1/2-1/2"]
[Round "06"]
[TimeControl "900+10"]
[Date "2021.12.27"]
[WhiteClock "0:00:24"]
[BlackClock "0:01:12"]

1. e4 d6 2. d4 g6 3. Nc3 Bg7 4. Be3 a6 5. h4 h6 6. Qd2 b5 7. O-O-O Bb7 8. f3 Nd7 9. Nh3 e6 10. g4 Ne7 11. Kb1 d5 12. Nf2 Nb6 13. Nd3 Nc4 14. Qc1 Nxe3 15. Qxe3 Qd6 16. Nc5 O-O-O 17. e5 Qb6 18. Ne2 h5 19. Nc1 Nc6 20. N1b3 Bh6 21. Qf2 Bf8 22. Be2 Be7 23. Rh3 a5 24. gxh5 a4 25. Nc1 Nxe5 26. f4 Nc4 27. hxg6 fxg6 28. Bg4 Kb8 29. N1d3 Bc8 30. Re1 Rhe8 31. b3 axb3 32. axb3 Na3+ 33. Kb2 b4 34. Qd2 Bf6 35. Ne5 Rd6 36. Ra1 Rh8 37. Qe1 Rf8 38. Kc1 Bxe5 39. Qxe5 Rc6 40. Kb2 Rxc5 41. dxc5 Qxc5 42. Rc1 Rd8 43. Rd3 Rd6 44. Qd4 Qa5 45. c3 Nc4+ 46. Kc2 Qa2+ 47. Kd1 Nb2+ 48. Ke1 Nxd3+ 49. Qxd3 Ba6 50. Qc2 Qa5 51. Qd2 bxc3 52. Qxc3 Qb6 53. Qc5 Qxc5 54. Rxc5 Kb7 55. Kd2 Kb6 56. b4 Bc8 57. Be2 Rd8 58. Ke3 Bd7 59. Rc1 Rh8 60. Rh1 c5 61. bxc5+ Kxc5 62. Bd3 Be8 63. Rc1+ Kd6 64. Rc8 Rg8 65. Kd4 Rf8 66. Bxg6 Rxf4+ 67. Ke3 Bd7 68. Kxf4 Bxc8 69. h5 Ke7 70. Ke5 Kf8 71. h6 1/2-1/2


[Site "http://www.Chess.com"]

[Event "FIDE World Rapid Chess Championship 2021"]
[White "Maghsoodloo, Parham"]
[Black "Saric, Ivan"]
[WhiteFideId "12539929"]
[BlackFideId "14508150"]
[WhiteElo "2512"]
[BlackElo "2684"]
[Result "1-0"]
[Round "06"]
[TimeControl "900+10"]
[Date "2021.12.27"]
[WhiteClock "0:00:36"]
[BlackClock "0:00:11"]

1. e4 e5 2. Nf3 Nc6 3. Bc4 Nf6 4. Ng5 d5 5. exd5 Na5 6. Bb5+ c6 7. dxc6 bxc6 8. Bd3 Nd5 9. h4 Bc5 10. Nc3 Nf4 11. Bf1 h6 12. Nge4 Bb6 13. d4 Bxd4 14. Bxf4 exf4 15. Qd2 Be5 16. Qxd8+ Kxd8 17. O-O-O Kc7 18. Na4 Nb7 19. Ba6 Rb8 20. Rhe1 f6 21. c3 Rd8 22. f3 Bf5 23. Bd3 Bxe4 24. Bxe4 Rxd1+ 25. Rxd1 Bd6 26. Rd4 Nc5 27. Nxc5 Bxc5 28. Rc4 Be3+ 29. Kc2 c5 30. Ra4 Kb6 31. Bd3 Re8 32. Ra6+ Kb7 33. a4 Bf2 34. Ra5 Kb6 35. Rb5+ Kc7 36. h5 Re5 37. Be4 f5 38. Bd3 Bh4 39. a5 Bf6 40. a6 Kd6 41. Rb8 Kc6 42. Bb5+ Kd6 43. Rc8 Re7 44. Rc6+ Kd5 45. Kd2 Be5 46. b3 Rc7 47. c4+ Kd4 48. Re6 Bf6 49. Be8 Re7 50. Rd6+ Ke5 51. Rd5+ Ke6 52. Bg6 Bd4 53. Bxf5+ Kf6 54. Be4 Be3+ 55. Kd3 Re6 56. Rf5+ Ke7 57. Bd5 Rf6 58. Re5+ Kd7 59. Bb7 Rd6+ 60. Ke4 Rd2 61. Rf5 Rxg2 62. Rf7+ Kd6 63. Bd5 Re2 64. Rxa7 Bd4+ 65. Kxf4 Ra2 66. Kf5 Ra3 67. Ra8 Kc7 68. Ke6 Ra1 69. Bb7 Re1+ 70. Kf7 Re3 71. Bd5 Kb6 72. Be4 Re1 73. Ke6 Ra1 74. Kd7 Be5 75. Re8 Bf4 76. Re6+ Ka7 77. Kc8 Rh1 78. Bg6 Rh3 79. Be8 Rxf3 80. Bb5 Bg5 81. Re5 Kb6 82. Kd7 Rxb3 83. Re6+ Ka7 84. Kc6 Re3 85. Rd6 Re7 86. Kxc5 Bf4 87. Rd8 Re5+ 88. Kb4 Re7 89. c5 Bc7 90. Rc8 g5 91. hxg6 Rg7 92. Bd3 h5 93. Rh8 1-0


[Site "http://www.Chess.com"]

[Event "FIDE World Rapid Chess Championship 2021"]
[White "Harsha, Bharathakoti"]
[Black "Paravyan, David"]
[WhiteFideId "5078776"]
[BlackFideId "4194985"]
[WhiteElo "2484"]
[BlackElo "2671"]
[Result "1/2-1/2"]
[Round "06"]
[TimeControl "900+10"]
[Date "2021.12.27"]
[WhiteClock "0:02:49"]
[BlackClock "0:00:05"]

1. e4 e5 2. Nf3 Nc6 3. Bc4 Nf6 4. d3 d5 5. exd5 Nxd5 6. O-O Be7 7. Re1 f6 8. d4 Nb6 9. Bb5 O-O 10. dxe5 Qxd1 11. Rxd1 Nxe5 12. Nxe5 fxe5 13. Be3 Bf5 14. Nd2 c6 15. Bd3 Bxd3 16. cxd3 Nd5 17. Nc4 Nxe3 18. fxe3 Rad8 19. Nxe5 Bg5 20. Re1 Bf6 21. Ng4 Rxd3 22. Nxf6+ Rxf6 23. Rad1 Rfd6 24. Rxd3 Rxd3 25. Re2 Kf7 26. Kf2 Ke6 27. Rc2 Rd1 28. Ke2 Ra1 29. b3 a5 30. Kf3 Rb1 31. h4 Rf1+ 32. Ke4 Rf5 33. g4 Rb5 34. Rc4 h5 35. gxh5 Rxh5 36. Kd3 g5 37. hxg5 Rxg5 38. Rh4 Rd5+ 39. Kc3 Rc5+ 40. Kd3 Rd5+ 41. Kc3 Rc5+ 42. Kd3 Ke5 1/2-1/2


[Site "http://www.Chess.com"]

[Event "FIDE World Rapid Chess Championship 2021"]
[White "Movsesian, Sergei"]
[Black "Ivic, Velimir"]
[WhiteFideId "310204"]
[BlackFideId "950122"]
[WhiteElo "2667"]
[BlackElo "2357"]
[Result "1-0"]
[Round "06"]
[TimeControl "900+10"]
[Date "2021.12.27"]
[WhiteClock "0:00:29"]
[BlackClock "0:00:25"]

1. e4 c5 2. Nc3 Nc6 3. g3 g6 4. Bg2 Bg7 5. d3 d6 6. Be3 Rb8 7. Qd2 b5 8. Nge2 Nd4 9. O-O h5 10. Bg5 Ne6 11. Be3 b4 12. Nd1 h4 13. a3 b3 14. c3 Nf6 15. h3 hxg3 16. fxg3 Ba6 17. Nf2 Nd7 18. Ng4 Ne5 19. Nxe5 dxe5 20. Rad1 Qc7 21. c4 Nd4 22. Nc3 e6 23. g4 f6 24. Qf2 Kd7 25. a4 Rbf8 26. Nb5 Qb8 27. Qd2 Bb7 28. Qa5 a6 29. Nxd4 exd4 30. Bf4 e5 31. Bd2 Qd6 32. Rf2 f5 33. Rdf1 f4 34. Rf3 Bf6 35. Be1 Qc6 36. Bf2 Bd8 37. Qd2 Qxa4 38. Rc1 a5 39. Be1 Qb4 40. Qd1 Qb6 41. Ra1 Bc6 42. Bxa5 Qb7 43. Bd2 Bc7 44. Rf1 Ra8 45. g5 Rxa1 46. Qg4+ Ke7 47. Rxa1 Bd7 48. Qf3 Rh5 49. Be1 Bb6 50. h4 Qc8 51. Qd1 Rh8 52. Qxb3 Qc7 53. Bf3 Rb8 54. Qd1 Qd6 55. b3 Kf8 56. Ra6 Bc8 57. Ra3 Bd8 58. Bg4 Be6 59. Kg2 Bf7 60. Bh3 Be7 61. Qg4 Rd8 62. Ba5 Ra8 63. Bc7 Qc6 64. Qd7 Ra6 65. Qc8+ 1-0


[Site "http://www.Chess.com"]

[Event "FIDE World Rapid Chess Championship 2021"]
[White "Aronian, Levon"]
[Black "Kosakowski, Jakub"]
[WhiteFideId "13300474"]
[BlackFideId "1185080"]
[WhiteElo "2728"]
[BlackElo "2304"]
[Result "1-0"]
[Round "06"]
[TimeControl "900+10"]
[Date "2021.12.27"]
[WhiteClock "0:02:04"]
[BlackClock "0:00:16"]

1. e4 c5 2. Nf3 d6 3. d4 cxd4 4. Nxd4 Nf6 5. Nc3 a6 6. f3 e5 7. Nb3 Be6 8. Be3 Be7 9. Qd2 h5 10. Nd5 Nxd5 11. exd5 Bf5 12. Be2 Nd7 13. Na5 Qc7 14. c4 Bh4+ 15. g3 Bf6 16. O-O O-O 17. b4 e4 18. Rac1 exf3 19. Bxf3 Bh3 20. Rf2 Ne5 21. Bxh5 b6 22. Nc6 Rae8 23. Bd4 Nxc6 24. Bxf6 gxf6 25. dxc6 Qxc6 26. Rxf6 Re5 27. Bf3 Qc8 28. Bd5 Qg4 29. Qf4 Qg7 30. Qh4 b5 31. Rxf7 Rxf7 32. Bxf7+ Qxf7 33. Qxh3 Qf3 34. Qc8+ Kg7 35. Qc7+ Kg8 36. Qb8+ Kg7 37. Qa7+ Kh6 38. Rf1 Qd3 39. Rf6+ 1-0


[Site "http://www.Chess.com"]

[Event "FIDE World Rapid Chess Championship 2021"]
[White "Yuffa, Daniil"]
[Black "Dubov, Daniil"]
[WhiteFideId "24131423"]
[BlackFideId "24126055"]
[WhiteElo "2514"]
[BlackElo "2735"]
[Result "0-1"]
[Round "06"]
[TimeControl "900+10"]
[Date "2021.12.27"]
[WhiteClock "0:01:33"]
[BlackClock "0:05:28"]

1. d4 d5 2. c4 c6 3. Nf3 Nf6 4. Nc3 dxc4 5. a4 Bf5 6. Nh4 e6 7. Nxf5 exf5 8. e3 Bb4 9. Bxc4 O-O 10. O-O Nbd7 11. Qf3 g6 12. Bd2 Nb6 13. Bb3 a5 14. Rad1 Re8 15. Ne2 Ne4 16. Bc1 Bd6 17. g3 Nd5 18. Qg2 Qb6 19. Bc2 Nef6 20. Nc3 Re7 21. Nb1 Rae8 22. Nd2 Qd8 23. Nc4 Bc7 24. Bb1 h5 25. Nd2 Kg7 26. Nf3 Ne4 27. Rd3 Bd6 28. Nd2 h4 29. Rb3 hxg3 30. hxg3 Nxg3 31. fxg3 Rxe3 32. Rxe3 Nxe3 33. Qf3 Nxf1 34. Nxf1 Re1 35. Qc3 Bb4 36. Qc4 Qd5 37. Qc2 Qf3 0-1


[Site "http://www.Chess.com"]

[Event "FIDE World Rapid Chess Championship 2021"]
[White "Sarana, Alexey"]
[Black "Demidov, Mikhail"]
[WhiteFideId "24133795"]
[BlackFideId "4197143"]
[WhiteElo "2680"]
[BlackElo "2544"]
[Result "1-0"]
[Round "06"]
[TimeControl "900+10"]
[Date "2021.12.27"]
[WhiteClock "0:07:19"]
[BlackClock "0:00:02"]

1. d4 d5 2. c4 e6 3. Nc3 Be7 4. cxd5 exd5 5. Bf4 c6 6. e3 Bf5 7. g4 Be6 8. Bd3 h5 9. Qb3 b6 10. gxh5 Rxh5 11. Nge2 g5 12. Bg3 Nf6 13. O-O-O a5 14. h4 Nbd7 15. hxg5 Rxg5 16. Nf4 Bg4 17. Rh8+ Nf8 18. Rdh1 Bf3 19. R1h6 a4 20. Qc2 a3 21. b3 Qd7 22. Nh3 Rg8 23. Bf5 Qb7 24. Rxg8 Nxg8 25. Rh8 Nf6 26. Ng5 Bg2 27. Ne2 Nd7 28. Rg8 Bxg5 29. Rxg5 O-O-O 30. Bd6 Bf3 31. Rg7 Bxe2 32. Qxe2 Ne6 33. Rxf7 Ng5 34. Rxd7 Rxd7 35. Qh5 1-0


[Site "http://www.Chess.com"]

[Event "FIDE World Rapid Chess Championship 2021"]
[White "Svane, Rasmus"]
[Black "Fridman, Daniel"]
[WhiteFideId "4657101"]
[BlackFideId "11600454"]
[WhiteElo "2677"]
[BlackElo "2542"]
[Result "1/2-1/2"]
[Round "06"]
[TimeControl "900+10"]
[Date "2021.12.27"]
[WhiteClock "0:00:49"]
[BlackClock "0:00:41"]

1. e4 e6 2. d4 d5 3. Nd2 dxe4 4. Nxe4 Bd7 5. Nf3 Bc6 6. Bd3 Nd7 7. O-O Ngf6 8. Ng3 g6 9. Re1 Bg7 10. h4 O-O 11. h5 Bxf3 12. Qxf3 c5 13. dxc5 Nxc5 14. Be2 Rc8 15. c3 Qd5 16. Rd1 Qxf3 17. Bxf3 Rfd8 18. Be3 b6 19. hxg6 hxg6 20. Rab1 Kf8 21. Kf1 Ke7 22. Bg5 Rxd1+ 23. Rxd1 Rd8 24. Rxd8 Kxd8 25. Ne4 Nxe4 26. Bxe4 Kd7 27. Bd3 Ng4 28. Bb5+ Kd6 29. Be8 Ne5 30. Ke2 f6 31. Be3 g5 32. Bb5 Bf8 33. Ba4 Be7 34. b4 Nc4 35. Bc1 a6 36. Bb3 Kd5 37. a4 b5 38. a5 f5 39. Kd3 e5 40. f3 e4+ 41. fxe4+ fxe4+ 42. Kc2 Kc6 43. g4 Bf6 44. Ba2 Kd6 45. Bxc4 bxc4 46. Be3 Kd5 47. Kd2 Be7 48. Kc2 Bf6 1/2-1/2


[Site "http://www.Chess.com"]

[Event "FIDE World Rapid Chess Championship 2021"]
[White "Shevchenko, Kirill"]
[Black "Demchenko, Anton"]
[WhiteFideId "14129574"]
[BlackFideId "4160258"]
[WhiteElo "2508"]
[BlackElo "2666"]
[Result "1-0"]
[Round "06"]
[TimeControl "900+10"]
[Date "2021.12.27"]
[WhiteClock "0:00:28"]
[BlackClock "0:01:21"]

1. e4 e5 2. Nf3 Nc6 3. Bb5 a6 4. Ba4 Nf6 5. Nc3 Be7 6. Bxc6 dxc6 7. d3 Nd7 8. O-O O-O 9. Be3 Re8 10. a4 a5 11. Qe2 Bd6 12. Rad1 Qe7 13. Nd2 Nf8 14. Nc4 Bc5 15. f4 exf4 16. Rxf4 Ng6 17. Rf2 Be6 18. Bxc5 Qxc5 19. Ne3 Qb4 20. Rb1 Rad8 21. Qe1 Qd4 22. b3 b6 23. Kh1 Ne5 24. h3 f6 25. Rf1 Qb4 26. Nc4 Ng6 27. Ne3 Ne5 28. Ne2 Qxe1 29. Rbxe1 Bf7 30. Nf4 h6 31. Kh2 Nd7 32. Nf5 Nc5 33. Re3 Be6 34. g4 b5 35. Nh5 Bxf5 36. gxf5 Re7 37. Rg3 Kh7 38. Rfg1 Rdd7 39. Rg6 bxa4 40. bxa4 Nxa4 41. Rxf6 Nc3 42. Rf8 Rf7 43. Rxg7+ Rxg7 44. Nf6# 1-0


[Site "http://www.Chess.com"]

[Event "FIDE World Rapid Chess Championship 2021"]
[White "Alekseenko, Kirill"]
[Black "Petrosyan, Manuel"]
[WhiteFideId "4135539"]
[BlackFideId "13300857"]
[WhiteElo "2637"]
[BlackElo "2514"]
[Result "1-0"]
[Round "06"]
[TimeControl "900+10"]
[Date "2021.12.27"]
[WhiteClock "0:02:27"]
[BlackClock "0:00:22"]

1. d4 Nf6 2. Nf3 d5 3. Bf4 g6 4. Nbd2 Bg7 5. Nb3 O-O 6. h3 Ne4 7. e3 c5 8. c3 cxd4 9. exd4 Nc6 10. Bd3 Bf5 11. O-O Nd6 12. Nc5 b6 13. Bxf5 bxc5 14. Bc2 cxd4 15. cxd4 Nb5 16. Be3 Qb6 17. Ba4 a6 18. Bxb5 axb5 19. Qd2 b4 20. Rfc1 Rfc8 21. b3 e6 22. Rc2 Ne7 23. Rac1 Rxc2 24. Rxc2 Nf5 25. g4 Nxe3 26. Qxe3 Qb7 27. Qc1 Qa6 28. Qd2 h6 29. Kg2 Qb5 30. h4 Qb8 31. Qc1 Qa7 32. Qf4 Rf8 33. Ne5 Qe7 34. Nf3 Qf6 35. Qg3 h5 36. gxh5 Qf5 37. Rc7 Qxh5 38. Rb7 Ra8 39. Ng5 Rf8 40. Qf4 Qe2 41. Rxf7 1-0


[Site "http://www.Chess.com"]

[Event "FIDE World Rapid Chess Championship 2021"]
[White "Dreev, Aleksey"]
[Black "Nihal, Sarin"]
[WhiteFideId "4100107"]
[BlackFideId "25092340"]
[WhiteElo "2621"]
[BlackElo "2500"]
[Result "1-0"]
[Round "06"]
[TimeControl "900+10"]
[Date "2021.12.27"]
[WhiteClock "0:00:45"]
[BlackClock "0:00:05"]

1. d4 g6 2. e4 Bg7 3. Nf3 d6 4. Nc3 Nc6 5. Be3 Nf6 6. Qd2 O-O 7. O-O-O Bg4 8. Bh6 Bxf3 9. gxf3 e5 10. Bxg7 Kxg7 11. d5 Nd4 12. f4 Nh5 13. fxe5 dxe5 14. Qe3 Qf6 15. Na4 b6 16. c3 c5 17. cxd4 cxd4 18. Qd2 Qf3 19. Bd3 Rfc8+ 20. Kb1 b5 21. Bxb5 Qxe4+ 22. Bd3 Qxd5 23. Rhe1 Rab8 24. b3 Nf4 25. Nb2 Rc3 26. Rc1 Qa5 27. Bc4 Rxc1+ 28. Qxc1 Rc8 29. Qd1 f6 30. Rg1 Nd5 31. Bxd5 Qxd5 32. Nc4 Rc7 33. f3 d3 34. Re1 Qd4 35. Qd2 Rd7 36. Re4 Qg1+ 37. Kb2 Qf1 38. Re3 Rd4 39. a4 a6 40. a5 h5 41. Ka2 h4 42. Nb2 h3 43. Rxd3 Rxd3 44. Qxd3 Qg2 45. Qxa6 Qxh2 46. Qb7+ Kh6 47. a6 Qd2 48. a7 Qa5+ 49. Na4 Qd2+ 50. Ka3 Qc1+ 51. Kb4 Qd2+ 52. Nc3 Qd4+ 53. Ka3 Qc5+ 54. Ka4 Qxc3 55. a8=Q Kg5 56. Qe4 Qa1+ 57. Kb4 Qg1 58. Qxg6+ 1-0


[Site "http://www.Chess.com"]

[Event "FIDE World Rapid Chess Championship 2021"]
[White "Santos Latasa, Jaime"]
[Black "Narayanan.S.L, "]
[WhiteFideId "2293307"]
[BlackFideId "5058422"]
[WhiteElo "2618"]
[BlackElo "2482"]
[Result "1/2-1/2"]
[Round "06"]
[TimeControl "900+10"]
[Date "2021.12.27"]
[WhiteClock "0:01:08"]
[BlackClock "0:01:55"]

1. d4 Nf6 2. c4 e6 3. Nf3 d5 4. g3 Be7 5. Bg2 O-O 6. Nc3 Nbd7 7. Qd3 b6 8. cxd5 Nxd5 9. O-O c5 10. Rd1 Bb7 11. Nxd5 exd5 12. dxc5 bxc5 13. Qb5 Nb6 14. Qa5 h6 15. b3 Qd7 16. Ba3 Rfc8 17. Rac1 c4 18. Bxe7 Qxe7 19. Nd4 Rc5 20. Qa3 Rc7 21. Qxe7 Rxe7 22. e3 g6 23. h4 h5 24. Ne2 Rc8 25. b4 Rd8 26. Rd4 a6 27. Nc3 Bc6 28. e4 Red7 29. exd5 Nxd5 30. Bxd5 Bxd5 31. Nxd5 Rxd5 32. Rxd5 Rxd5 33. Rxc4 a5 34. bxa5 Rxa5 35. a4 Kg7 36. Kg2 f6 37. Kf3 g5 38. Ke3 Kg6 39. Rd4 Re5+ 40. Kd3 Rf5 41. Ke3 Re5+ 42. Re4 Rd5 43. Ke2 Rf5 44. hxg5 fxg5 45. g4 hxg4 46. Rxg4 Ra5 47. f4 Kf6 48. fxg5+ Kg6 49. Kd3 Ra8 50. Kc3 Kf5 51. Rc4 Kxg5 52. Kb4 Kf6 53. a5 Ke6 54. Rd4 Ke7 55. Kb5 Rd8 56. Rc4 Rb8+ 57. Ka6 Kd7 58. Ka7 Rb1 59. a6 Rb2 60. Ka8 Rb1 61. a7 Rb2 62. Rh4 Rb1 63. Rh8 Kc7 64. Rb8 Rc1 65. Rb7+ Kc8 66. Rb8+ Kc7 1/2-1/2


[Site "http://www.Chess.com"]

[Event "FIDE World Rapid Chess Championship 2021"]
[White "Amin, Bassem"]
[Black "Martirosyan, Haik M."]
[WhiteFideId "10601457"]
[BlackFideId "13306553"]
[WhiteElo "2614"]
[BlackElo "2377"]
[Result "1/2-1/2"]
[Round "06"]
[TimeControl "900+10"]
[Date "2021.12.27"]
[WhiteClock "0:00:47"]
[BlackClock "0:00:31"]

1. e4 c5 2. Nf3 Nc6 3. Bb5 e6 4. O-O Nge7 5. Re1 a6 6. Bf1 d5 7. exd5 Nxd5 8. d4 Nf6 9. Be3 cxd4 10. Nxd4 Bd7 11. c4 Nxd4 12. Qxd4 Qc7 13. Bf4 Qc5 14. Be5 Bc6 15. Bxf6 gxf6 16. Qxf6 Rg8 17. Nc3 Rg6 18. Qf4 Bh6 19. Ne4 Qe7 20. Qd6 Rd8 21. Qxe7+ Kxe7 22. Ng3 Bf4 23. Rad1 Rgg8 24. b3 Bd2 25. Re2 Bb4 26. Rc1 Rg5 27. Rec2 h5 28. h4 Rg4 29. Be2 Rxh4 30. Bxh5 Rd3 31. Bf3 Bxf3 32. gxf3 Rxf3 33. Rd1 b6 34. Kg2 Rf6 35. Re2 Rhf4 36. Rd3 Bc5 37. Rdd2 a5 38. Ne4 Rg6+ 39. Kf1 Rh4 40. Ng3 Rh2 41. Rd3 Kf8 42. Rf3 Ke8 43. Rd2 Rg4 44. Re2 Rd4 45. Kg1 Rh8 46. Kg2 Rd1 47. Ne4 Rhh1 48. Rg3 Rhg1+ 49. Kh2 Rh1+ 50. Kg2 Ke7 51. Nxc5 bxc5 52. Kf3 Kf6 53. Rg8 Kf5 54. Rc8 e5 55. Rxc5 f6 56. Rxa5 Rh3+ 57. Kg2 Rhh1 58. Re3 Kf4 59. Rf3+ Ke4 60. Re3+ Kf4 61. Rf3+ Ke4 1/2-1/2


[Site "http://www.Chess.com"]

[Event "FIDE World Rapid Chess Championship 2021"]
[White "Chigaev, Maksim"]
[Black "Sargsyan, Shant"]
[WhiteFideId "4108116"]
[BlackFideId "13306766"]
[WhiteElo "2605"]
[BlackElo "2344"]
[Result "1/2-1/2"]
[Round "06"]
[TimeControl "900+10"]
[Date "2021.12.27"]
[WhiteClock "0:00:43"]
[BlackClock "0:00:30"]

1. d4 Nf6 2. c4 e6 3. Nf3 d5 4. g3 Bb4+ 5. Nbd2 O-O 6. Bg2 b6 7. O-O Bb7 8. Ne5 Nc6 9. Nxc6 Bxc6 10. Qc2 Bb7 11. Rd1 h6 12. cxd5 exd5 13. Nf3 Bd6 14. b3 Re8 15. Bb2 Qe7 16. e3 Ne4 17. Rac1 a5 18. a4 Rac8 19. Qe2 Qe6 20. Rc2 Re7 21. Rdc1 Rce8 22. Ne1 Qg6 23. Qd1 h5 24. Nf3 Qf5 25. Ne5 h4 26. g4 Qe6 27. h3 Bxe5 28. dxe5 c5 29. Bxe4 dxe4 30. Rd2 Qc8 31. Qc2 Rd7 32. Rxd7 Qxd7 33. Rd1 Qc8 34. Rd6 Re6 35. Qd1 Rxd6 36. exd6 Qd7 37. Kh2 f6 38. Qd2 Kf7 39. g5 fxg5 40. Kg1 Kg6 41. Qc3 Bc6 42. Qe5 Qf7 43. Bc3 Qf6 44. d7 Qxe5 45. Bxe5 Bxd7 46. Bc7 Bxh3 47. Bxb6 Be6 48. Bxc5 Bxb3 49. Bb6 Bxa4 50. Bxa5 Kf5 51. Bd8 Kg4 52. Be7 Bd1 53. Kg2 Be2 54. Bf8 h3+ 55. Kg1 g6 56. Be7 Bf3 57. Bd8 Bg2 58. Bc7 Kf3 59. Bb8 g4 60. Bc7 1/2-1/2


[Site "http://www.Chess.com"]

[Event "FIDE World Rapid Chess Championship 2021"]
[White "Sindarov, Javokhir"]
[Black "Erdos, Viktor"]
[WhiteFideId "14205483"]
[BlackFideId "719978"]
[WhiteElo "2353"]
[BlackElo "2601"]
[Result "1/2-1/2"]
[Round "06"]
[TimeControl "900+10"]
[Date "2021.12.27"]
[WhiteClock "0:01:22"]
[BlackClock "0:00:25"]

1. e4 e5 2. Nf3 Nc6 3. Bc4 Bc5 4. b4 Bxb4 5. c3 Ba5 6. d4 d6 7. Qb3 Qd7 8. O-O Bb6 9. Nbd2 Na5 10. Qc2 Nxc4 11. Nxc4 Qc6 12. Nxb6 axb6 13. dxe5 dxe5 14. Nxe5 Qa4 15. Qd3 Ne7 16. Qg3 O-O 17. Re1 Re8 18. Bf4 Ng6 19. Nxg6 hxg6 20. Bxc7 Rxe4 21. h3 Qxa2 22. Rxe4 Qxa1+ 23. Kh2 Be6 24. Bxb6 Re8 25. Bd4 Qa5 26. h4 Bd7 27. Rxe8+ Bxe8 28. Qb8 Qb5 29. g4 f6 30. g5 fxg5 31. hxg5 Kf7 32. Qc7+ Qd7 33. Qe5 Kg8 34. f4 Qf7 35. Kg3 Bc6 36. Kf2 Kh7 37. Kg3 Kg8 38. Kh4 Kh7 39. Kg3 1/2-1/2


[Site "http://www.Chess.com"]

[Event "FIDE World Rapid Chess Championship 2021"]
[White "Muradli, Mahammad"]
[Black "Quparadze, Giga"]
[WhiteFideId "13409301"]
[BlackFideId "13602250"]
[WhiteElo "2285"]
[BlackElo "2583"]
[Result "1-0"]
[Round "06"]
[TimeControl "900+10"]
[Date "2021.12.27"]
[WhiteClock "0:00:33"]
[BlackClock "0:04:16"]

1. c4 e6 2. Nc3 Bb4 3. g3 Nf6 4. Bg2 O-O 5. Nf3 d5 6. cxd5 exd5 7. d4 Re8 8. O-O c6 9. a3 Bd6 10. Bf4 Bxf4 11. gxf4 Nbd7 12. e3 Nf8 13. Ne5 N6d7 14. Qb3 Nb6 15. Kh1 Ng6 16. Rg1 Nh4 17. e4 Qf6 18. exd5 Nxg2 19. Rxg2 cxd5 20. Rag1 g6 21. Nb5 Re7 22. Qb4 Bh3 23. Rg3 a5 24. Qd6 Re6 25. Qc5 Rc8 26. Nc7 Re7 27. Rxh3 Rexc7 28. Ng4 Qe6 29. f5 Rxc5 30. fxe6 Rc2 31. Rb3 R2c6 32. exf7+ Kg7 33. Re1 a4 34. Rb5 R8c7 35. Kg2 Nc4 36. Rxd5 Rxf7 37. Re2 Rcc7 38. Ne5 Rfe7 39. Rb5 Nd6 40. Ra5 b5 41. h3 Nf5 42. Rd2 Nxd4 43. Rxd4 Rxe5 44. Rdxa4 Rf5 45. Ra7 bxa4 46. Rxc7+ Kh6 47. Rc4 Ra5 48. Rh4+ Kg7 49. Rb4 h5 50. Kf3 Kf6 51. Kf4 g5+ 52. Ke4 Re5+ 53. Kd3 Rf5 54. Ke2 Re5+ 55. Kf3 Ra5 56. Kg3 Kf5 57. Kf3 Kf6 58. Kg2 Kf5 59. Kg3 Kf6 60. f4 Kf5 61. fxg5 Kxg5 62. h4+ Kf5 63. Kf3 Ke5 64. Ke3 Kf5 65. Kd3 Ra8 66. Kc2 Ra7 67. Kc3 Ra8 68. b3 axb3 69. Kxb3 Ke6 70. Rb5 Rh8 71. a4 Kd6 72. Kb4 Kc6 73. a5 Rf8 74. Rc5+ Kb7 75. Rxh5 Rf4+ 76. Kc5 Ka6 77. Kd6 Rc4 78. Kd5 Rg4 79. Ke6 Rc4 80. Kd6 Rd4+ 81. Ke6 Rc4 82. Rh8 Kxa5 83. h5 Kb6 84. Rd8 Rh4 85. Rd5 Kc7 86. Kf6 Kc6 87. Rg5 Kd6 88. Kg7 Ra4 89. h6 Ra7+ 90. Kg6 Ra8 91. h7 Re8 92. Kg7 Re7+ 93. Kh6 1-0


[Site "http://www.Chess.com"]

[Event "FIDE World Rapid Chess Championship 2021"]
[White "Alonso Rosell, Alvar"]
[Black "Gukesh, D"]
[WhiteFideId "2270544"]
[BlackFideId "46616543"]
[WhiteElo "2571"]
[BlackElo "2050"]
[Result "1/2-1/2"]
[Round "06"]
[TimeControl "900+10"]
[Date "2021.12.27"]
[WhiteClock "0:00:32"]
[BlackClock "0:00:34"]

1. d4 Nf6 2. Bf4 d5 3. e3 Bg4 4. Nf3 e6 5. Nbd2 Bd6 6. Bxd6 Qxd6 7. c4 O-O 8. Be2 Nbd7 9. O-O c5 10. h3 Bh5 11. dxc5 Nxc5 12. b4 Nce4 13. Nxe4 Nxe4 14. c5 Qe7 15. Qd4 f5 16. Qe5 g5 17. Rfe1 a5 18. bxa5 Nxc5 19. Nd4 Bxe2 20. Rxe2 Rxa5 21. Rc1 Ra6 22. Rec2 b6 23. Rb1 Qf6 24. Qc7 e5 25. Nc6 Rf7 26. Qc8+ Rf8 27. Qc7 Rf7 28. Qc8+ Rf8 1/2-1/2


[Site "http://www.Chess.com"]

[Event "FIDE World Rapid Chess Championship 2021"]
[White "Jumabayev, Rinat"]
[Black "Samunenkov, Ihor"]
[WhiteFideId "13702661"]
[BlackFideId "14187086"]
[WhiteElo "2562"]
[BlackElo "2259"]
[Result "1/2-1/2"]
[Round "06"]
[TimeControl "900+10"]
[Date "2021.12.27"]
[WhiteClock "0:00:36"]
[BlackClock "0:00:18"]

1. d4 d5 2. c4 e6 3. Nf3 Nf6 4. g3 Be7 5. Bg2 O-O 6. O-O c6 7. Nbd2 b6 8. Qc2 Bb7 9. e4 Na6 10. a3 c5 11. exd5 exd5 12. Rd1 Rc8 13. dxc5 Nxc5 14. Nh4 Qc7 15. Nf5 dxc4 16. Bxb7 Qxb7 17. Nxc4 Nce4 18. Be3 Bc5 19. Qd3 Bxe3 20. Ncxe3 g6 21. Nd6 Nxd6 22. Qxd6 Qf3 23. Qd4 Rfe8 24. Rac1 Rxc1 25. Rxc1 h5 26. Qf4 Qxf4 27. gxf4 Ng4 28. Rc3 Rd8 29. Nxg4 hxg4 30. Rc7 Rd2 31. b4 a5 32. bxa5 bxa5 33. Rc5 Rd4 1/2-1/2


[Site "http://www.Chess.com"]

[Event "FIDE World Rapid Chess Championship 2021"]
[White "Petrovskyi, Vadym"]
[Black "Socko, Bartosz"]
[WhiteFideId "14165210"]
[BlackFideId "1107038"]
[WhiteElo "2282"]
[BlackElo "2562"]
[Result "0-1"]
[Round "06"]
[TimeControl "900+10"]
[Date "2021.12.27"]
[WhiteClock "0:00:24"]
[BlackClock "0:01:25"]

1. e4 c6 2. d4 d5 3. Nc3 dxe4 4. Nxe4 Bf5 5. Ng3 Bg6 6. h4 h6 7. Nf3 e6 8. h5 Bh7 9. Bd3 Bxd3 10. Qxd3 Nf6 11. Bd2 Be7 12. O-O-O O-O 13. Qe2 Nbd7 14. Ne5 c5 15. dxc5 Qc7 16. Nxd7 Nxd7 17. Bc3 Nxc5 18. Kb1 Rfd8 19. Be5 Qc6 20. Qg4 Bf8 21. f3 Rac8 22. Qc4 b5 23. Qe2 a5 24. Ne4 a4 25. g4 Nxe4 26. Qxe4 Qxe4 27. fxe4 f6 28. Bg3 a3 29. b3 Bb4 30. Bf2 Bc3 31. Bb6 Rxd1+ 32. Rxd1 Kh7 33. Rd7 f5 34. gxf5 exf5 35. exf5 Re8 36. Kc1 Re2 37. Rd1 Rh2 38. Bd4 b4 39. Bxc3 bxc3 40. Rf1 Rxh5 41. Kd1 Rh2 42. Rf3 Rh1+ 43. Ke2 Ra1 44. Rxc3 Rxa2 45. Rc7 Kg8 46. Kd2 h5 47. Kc3 Ra1 48. Ra7 h4 49. f6 gxf6 50. Ra4 h3 51. Rh4 Rg1 52. Kd4 0-1


[Site "http://www.Chess.com"]